 Dungeon Crawl Stone Soup version 0.30.1-11-g7821555f0a (webtiles) character file.

Game seed: 16496530948954016569

424139 Gumption the Conqueror (level 22, -2/233 HPs)
             Began as a Minotaur Berserker on Oct 29, 2023.
             Was a High Priest of Trog.
             Killed by divine providence
             ... invoked by a smoke demon
              (12 damage)
             ... on level 7 of the Abyss on Nov 2, 2023.
             The game lasted 06:42:41 (60739 turns).

Gumption the Conqueror (Minotaur Berserker)        Turns: 60739, Time: 06:42:44

Health: -2/233     AC: 44    Str: 28    XL:     22   Next: 71%
Magic:  0/30       EV: 17    Int: 12    God:    Trog [*****.]
Gold:   2299       SH:  0    Dex: 21    Spells: 21/21 levels left

rFire   + + +        a - +7 glaive of the Omega Point {flame, rElec rC++ Will- Stlth+}
rCold   + + +        (shield currently unavailable)
rNeg    + . .        L - +9 scales of the Dragon King {rPois rF+ rC+ Will+}
rPois   +            y - +1 hat of the Forest {Dex+2}
rElec   +            V - +0 cloak {rCorr}
rCorr   +            X - +2 pair of gloves
SInv    .            q - +1 pair of boots of Uskayaw's Scorn {rF+ MP+9}
Will    ++++.        F - amulet "Mucwupt" {Spirit Int+6} Stlth
                     e - ring "Uqoorch" {rN+ Will+ rCorr Dex+6}
HPRegen 1.00/turn    O - ring "Vavoxt" {rF+ rC+ Slay+3}
MPRegen 0.22/turn

%: guardian spirit
@: mighty, about to teleport, strong-willed, sick, regenerating, studying
Shields
A: horns 2, retaliatory headbutt
}: 2/15 runes: decaying, serpentine
a: Renounce Religion, Berserk, Trog's Hand, Brothers in Arms


You were on level 7 of the Abyss.
You worshipped Trog.
Trog was extremely pleased with you.
You visited 7 branches of the dungeon, and saw 38 of its levels.
You visited the Abyss 1 time.
You visited 1 bazaar.
You also visited: Sewer.

You collected 5166 gold pieces.
You spent 2867 gold pieces at shops.

Inventory:

Hand Weapons
 a - the +7 glaive of the Omega Point (weapon) {flame, rElec rC++ Will- Stlth+}
   (Trog gifted it to you on level 5 of the Lair of Beasts)

   rC:        It greatly protects you from cold.
   rElec:     It insulates you from electricity.
   Will:      It decreases your willpower.
   Stlth:     It makes you more stealthy.
 b - a +1 sling
 w - a +9 glaive of venom
Missiles
 f - 276 stones
 h - 2 silver javelins (quivered)
 x - 60 poisoned darts
 A - a throwing net
 U - 2 javelins
Armour
 q - the +1 pair of boots of Uskayaw's Scorn (worn) {rF+ MP+9}
   (You found it on level 2 of the Dungeon)

   rF:        It protects you from fire.
   MP:        It affects your magic capacity (+9).
 y - the +1 hat of the Forest (worn) {Dex+2}
   (You acquired it on level 3 of the Lair of Beasts)

   Dex:       It affects your dexterity (+2).
 L - the +9 scales of the Dragon King (worn) {rPois rF+ rC+ Will+}
   (You found it on level 1 of the Lair of Beasts)

   rF:        It protects you from fire.
   rC:        It protects you from cold.
   rPois:     It protects you from poison.
   Will:      It increases your willpower.
 V - a +0 cloak of preservation (worn)
 X - a +2 pair of gloves (worn)
Jewellery
 e - the ring "Uqoorch" (left hand) {rN+ Will+ rCorr Dex+6}
   (You bought it in a shop on level 4 of the Dungeon)

   [ring of dexterity]

   Dex:       It affects your dexterity (+6).
   rN:        It protects you from negative energy.
   rCorr:     It protects you from acid and corrosion.
   Will:      It increases your willpower.
 F - the amulet "Mucwupt" (around neck) {Spirit Int+6}
   (You bought it in a shop on level 1 of the Orcish Mines)

   [amulet of guardian spirit]

   It causes incoming damage to be divided between your reserves of health and
   magic.
   Int:       It affects your intelligence (+6).
 H - the ring of Gaareit {Fly rElec Str+4}
   (You took it off a deep elf master archer on level 3 of the Elven Halls)

   [ring of flight]

   Str:       It affects your strength (+4).
   rElec:     It insulates you from electricity.
   Fly:       It grants you flight.
 O - the ring "Vavoxt" (right hand) {rF+ rC+ Slay+3}
   (You bought it in a shop on level 1 of the Vaults)

   [ring of protection from cold]

   Slay:      It affects your accuracy & damage with ranged weapons and melee
   (+3).
   rF:        It protects you from fire.
   rC:        It protects you from cold.
 R - a ring of willpower
 Y - a ring of see invisible
Wands
 o - a wand of iceblast (30)
 B - a wand of paralysis (36)
 E - a wand of flame (80)
 K - a wand of mindburst (16)
 P - a wand of polymorph (22)
 S - a wand of digging (17)
 T - a wand of acid (25)
Scrolls
 g - 5 scrolls of magic mapping
 i - 15 scrolls of teleportation
 k - 3 scrolls of fog
 n - 3 scrolls of immolation
 r - 6 scrolls of blinking
 s - 7 scrolls of enchant weapon
 D - 7 scrolls of enchant armour
 I - 8 scrolls of poison
 J - 11 scrolls of fear
 M - 3 scrolls of summoning
 N - 24 scrolls of identify
 W - 3 scrolls of brand weapon
Potions
 c - 4 potions of attraction
 j - 3 potions of flight
 l - 17 potions of curing
 m - 5 potions of berserk rage
 p - 2 potions of invisibility
 t - 4 potions of might
 u - a potion of magic
 v - 12 potions of heal wounds
 z - 8 potions of mutation
 C - 7 potions of haste
 G - 5 potions of ambrosia


   Skills:
 O Level 27 Fighting
 - Level 8.1(14.9) Axes
 - Level 19.4(20.0) Polearms
 + Level 24.3 Armour
 + Level 17.7 Dodging
 + Level 15.3 Evocations


You had 21 spell levels left.
You didn't know any spells.
Your spell library was empty.

Dungeon Overview and Level Annotations

Branches:
Dungeon (15/15)            Temple (0/1) D:5            Lair (5/5) D:8
  Swamp (4/4) Lair:2        Snake (4/4) Lair:3        Slime (0/5) Lair:5
    Orc (2/2) D:11            Elf (3/3) Orc:2        Vaults (4/5) D:14
  Crypt (0/3) Vaults:3     Depths (0/4) D:15          Sewer (visited)

Altars:
Ashenzari
Cheibriados
Elyvilon
Fedhas
Hepliaklqana
Kikubaaqudgha
Makhleb
Nemelex Xobeh
Qazlal
Trog
Uskayaw
Wu Jian
Xom
Yredelemnul

Shops:
D:4 =   D:9 *   D:10 =   D:14 *   Orc:1 *=   Orc:2 :(!?   Elf:3 :   Vaults:1 =

Portals:
Hell: Lair:5

Annotations:
D:12 2 transporters, paradise's ghost, journeyman HOMo
Swamp:1 2 transporters, Wojoregus's ghost, journeyman MiBe
Swamp:2 2 transporters, Xaerxx's ghost, journeyman DrMo
Orc:1 1 runed translucent door, princeOfDonkeys's ghost, journeyman SpFi
Elf:2 3 runed translucent doors
Vaults:4 1 runed translucent door, Wakaxil's ghost, veteran GrEE


Innate Abilities, Weirdness & Mutations

You have a pair of horns on your head.
You reflexively headbutt those who attack you in melee.


Message History

The tentacled starspawn misses you. The pearl dragon misses you.
The pearl dragon closely misses you.
A lich comes into view.
The lich gestures wildly while chanting.
The lich seems to speed up.
Unknown command.
You miss the pearl dragon.
The pearl dragon is severely wounded.
The hell hog is no longer moving slowly.
The fire bat bites you but does no damage.
The starcursed mass is engulfed in seething chaos.
The hell hog bites you but does no damage.
The raiju is engulfed in seething chaos.
The hell hog is engulfed in seething chaos.
The hell hog seems to speed up.
The starcursed mass is engulfed in seething chaos.
The starcursed mass seems to grow stronger.
The starcursed mass is engulfed in seething chaos. x2
The starcursed mass suddenly seems more agile.
The lich gestures wildly while chanting.
The lich flickers and vanishes!
The starcursed mass misses you.
You slash the pearl dragon! You burn the pearl dragon.
You headbutt the pearl dragon!
You kill the pearl dragon!
Trog accepts your kill.
The pearl dragon scales are intact enough to wear.
The hell hog closely misses you. The fire bat misses you.
You furiously retaliate!
You headbutt the fire bat.
The starcursed mass is engulfed in seething chaos.
The starcursed mass suddenly seems more agile.
The hell hog is engulfed in seething chaos.
The tentacled starspawn barely misses you.
You furiously retaliate!
You headbutt the tentacled starspawn!
The tentacled starspawn tentacle-slaps you!
* * * LOW HITPOINT WARNING * * *
The lich casts a spell.
The lich flickers and vanishes!
The hell hog closely misses you. The smoke demon gestures at you.
Something smites you!
You die... ##''#.4 .#.... ##43X'⌠ # ##XXXx4⌠##.#x# ##XXXXX# .#.# #4hhXX## ## ##XhXXh##

##h.Xh.##
.#
#.b#h4## #
#DX@.## .
.
.'{.LwXX##
##..{L###
#'#..{ φ .
##. '# .#
##


You could see 16 starcursed masses, a fire dragon (strong), a tentacled
starspawn, 2 liches, 4 hell hogs, an ancient zyme, a smoke demon, 3 raiju, 4
chaos spawn, a fire bat and a starspawn tentacle.

Vanquished Creatures
  An ancient lich (Vaults:4)
  Margery (Vaults:4)
  Nikola (Vaults:3)
  A pearl dragon (Abyss:7)
  A hellephant (Abyss:4)
  A lich (Abyss:6)
  2 deep elf blademasters (Elf:3)
  A quicksilver dragon (Vaults:5)
  2 titans (Vaults:5)
  2 deep elf master archers (Elf:3)
  A sphinx (Vaults:3)
  Frances (Snake:1)
  4 thorn hunters
  A fire giant (Vaults:5)
  3 fenstrider witches
  4 nagarajas
  6 deep elf sorcerers (Elf:3)
  Aizul (Swamp:3)
  17 vault wardens
  An orc warlord (Orc:2)
  A frost giant (Vaults:4)
  19 ironbound preservers
  5 war gargoyles
  3 deep elf elementalists
  7 ironbound thunderhulks
  8 very ugly things
  6 deep elf demonologists
  12 dire elephants
  6 bunyips
  6 eleionomae
  10 deep elf annihilators
  A crystal guardian (Vaults:4)
  The ghost of Tali the Cleaver, a journeyman DsCK of Xom (Lair:2)
  5 deep elf death magi
  11 yaktaur captains
  6 deep elf high priests
  An ettin (Vaults:4)
  A shambling mangrove (Swamp:3)
  2 fire dragons
  9 great orbs of eyes
  An entropy weaver (Vaults:2)
  4 salamander tyrants
  2 peacekeepers (Vaults:4)
  34 vault guards
  Fannar (D:10)
  A rakshasa (D:15)
  27 hydras
  3 ghost crabs (Swamp:4)
  10 ironbound frosthearts
  11 centaur warriors
  2 ogre magi
  6 boulder beetles
  9 alligators
  9 anacondas
  6 death yaks (Lair:5)
  A satyr (Abyss:5)
  10 two-headed ogres
  Erica (D:8)
  An alligator (shapeshifter) (D:15)
  14 naga warriors
  25 dancing weapons
  23 naga sharpshooters
  2 thrashing horrors (Abyss:7)
  4 orc high priests
  10 deep elf knights
  12 shock serpents
  Amaemon (Lair:3)
  5 spriggans
  2 hell knights (Vaults:4)
  5 goliath frogs
  A sixfirhy (Lair:5)
  2 sea snakes (Snake:1)
  4 skysharks
  4 salamander mystics
  37 deep trolls
  2 glowing orange brains
  15 deep elf archers
  2 spriggan druids (Swamp:4)
  19 ironbound convokers
  5 naga ritualists
  4 wizards
  A bog body (Swamp:2)
  An orange crystal statue (Elf:3)
  9 swamp dragons
  The ghost of user2938 the Cleaver, a novice HOFi of Gozag (D:5)
  23 deep elf pyromancers
  A lindwurm (Vaults:2)
  A phantasmal warrior (Vaults:4)
  24 deep elf zephyrmancers
  7 necromancers
  Pikel (D:8)
  A stone giant zombie (Vaults:1)
  8 mana vipers
  13 salamanders
  3 harpies (Vaults:2)
  10 cyclopes
  10 orc knights
  20 ugly things
  4 manticores
  A tengu skeleton (Vaults:1)
  5 orc sorcerers
  A worldbinder (Abyss:6)
  3 will-o-the-wisps
  4 guardian serpents
  19 naga magi
  42 black mambas
  2 smoke demons
  11 elephants
  23 vault sentinels
  Joseph (D:7)
  A torpor snail (Lair:1)
  24 cane toads
  A yaktaur zombie (Vaults:1)
  3 orange demons
  9 komodo dragons
  An eye of devastation (shapeshifter) (D:12)
  2 freezing wraiths
  6 rime drakes
  3 rime drakes (shapeshifter)
  A kobold demonologist (D:11)
  Psyche (D:10)
  3 ice devils (Lair:5)
  23 yaktaurs
  2 ancient zymes
  A red devil (Lair:5)
  A human skeleton (Vaults:3)
  3 meliai (D:15)
  3 polar bears (Lair:5)
  10 trolls
  6 hornets
  A hellwing (Lair:5)
  A raiju (Abyss:5)
  17 dream sheep
  6 saltlings (Orc:2)
  A raiju (shapeshifter) (D:15)
  A dream sheep (shapeshifter) (Elf:1)
  6 tyrant leeches
  17 blink frogs
  32 slime creatures
  A centaur simulacrum (D:11)
  4 air elementals
  5 large abominations
  A spriggan (shapeshifter) (Elf:1)
  A vampire (D:12)
  A ynoxinul (Abyss:5)
  An elf zombie (Vaults:3)
  46 yaks
  5 fire bats (Abyss:7)
  3 wraiths
  2 shadows
  9 wyverns
  A human (shapeshifter) (Vaults:5)
  6 starcursed masses
  Grum (D:8)
  A water elemental (Elf:1)
  4 fire elementals
  5 basilisks
  Eustachio (D:4)
  11 vampire mosquitoes
  2 chaos spawn
  A yaktaur simulacrum (Vaults:3)
  A steam dragon (D:7)
  18 swamp worms
  3 wargs
  53 nagas
  5 acid dragons
  4 hell hounds (Lair:5)
  A glowing shapeshifter skeleton (Vaults:1)
  12 water moccasins
  An ice beast (D:7)
  2 sky beasts (D:7)
  5 swamp drakes (Swamp:4)
  17 orc warriors
  3 black bears
  16 ogres
  A boggart (Vaults:2)
  16 wolves
  17 centaurs
  A phantom (D:5)
  2 lemures (D:8)
  2 kobold brigands (Sewer)
  17 bullfrogs
  A scorpion (D:5)
  5 earth elementals
  A gnoll sergeant (D:9)
  9 wights (D:8)
  A wyvern skeleton (D:5)
  10 killer bees
  A water moccasin skeleton (D:5)
  6 howler monkeys
  5 electric eels
  2 crimson imps (Abyss:5)
  A human simulacrum (Vaults:3)
  5 hounds
  2 jellies
  16 orc priests
  A gnoll bouda (D:9)
  2 sleepcaps (D:4)
  3 iguanas
  24 orc wizards
  A hell rat (Lair:5)
  A mummy (D:8)
  9 adders
  13 gnolls
  A howler monkey skeleton (D:5)
  A river rat (Sewer)
  2 shadow imps
  16 white imps
  2 ufetubi (D:4)
  2 dart slugs (D:1)
  73 orcs
  8 endoplasms
  5 giant cockroaches
  5 goblins
  6 hobgoblins
  8 jackals
  4 quokkas
  2 ball pythons
  6 bats
  3 frilled lizards
  10 kobolds
  7 rats
1534 creatures vanquished.

Vanquished Creatures (others)
  A deep elf zephyrmancer (Elf:1)
  4 bloated husks
  A vampire mosquito (Swamp:1)
  A starcursed mass (Abyss:7)
  12 foxfires
  2 starspawn tentacles
21 creatures vanquished.

Grand Total: 1555 creatures vanquished

Notes
Turn   | Place    | Note
-------+----------+-------------------------------------------
     0 | D:1      | Gumption the Minotaur Berserker began the quest for the
                  | Orb.
     0 | D:1      | Reached XP level 1. HP: 19/19 MP: 0/0
   362 | D:1      | Reached XP level 2. HP: 26/27 MP: 1/1
  1079 | D:2      | Reached skill level 4 in Fighting
  1081 | D:2      | Reached XP level 3. HP: 33/33 MP: 2/2
  1303 | D:2      | Reached ** piety under Trog
  1463 | D:2      | Identified the +1 pair of boots of Uskayaw's Scorn {rF+
                  | MP+9}
  1717 | D:3      | Reached skill level 5 in Axes
  1725 | D:3      | Reached XP level 4. HP: 37/40 MP: 3/3
  1825 | D:3      | You fall into a shaft and drop 1 floor!
  1972 | D:3      | Found a hazy altar of Hepliaklqana.
  2599 | D:4      | Noticed a black bear
  2602 | D:4      | Reached XP level 5. HP: 32/47 MP: 4/4
  2604 | D:4      | Killed a black bear
  2605 | D:4      | Reached skill level 5 in Fighting
  2808 | D:4      | Reached XP level 6. HP: 54/56 MP: 5/5
  2817 | D:4      | Noticed Eustachio
  2842 | D:4      | Killed Eustachio
  3107 | D:4      | Found Lyipraso's One-of-a-Kind Rings.
  3296 | D:5      | Entered Level 5 of the Dungeon
  3485 | D:5      | Reached XP level 7. HP: 52/62 MP: 6/6
  3525 | D:5      | Reached skill level 5 in Armour
  3567 | D:5      | Found a staircase to the Ecumenical Temple.
  3800 | D:5      | Found a blossoming altar of Fedhas.
  3803 | D:5      | Identified the +3 ring mail of Catoric {Harm rPois Dex+3
                  | Stlth+}
  3873 | D:5      | Reached skill level 6 in Fighting
  4064 | D:5      | Found a runed translucent gate.
  4064 | D:5      | Found a runed translucent gate.
  4067 | D:5      | Found a runed translucent gate.
  4068 | D:5      | Noticed user2938's ghost (novice HOFi)
  4247 | D:6      | Identified a scroll of acquirement
  4247 | D:6      | Acquired a +5 glaive of venom
  4258 | D:6      | Noticed a wyvern
  4268 | D:6      | Killed a wyvern
  4308 | D:6      | Found a glowing drain.
  4312 | Sewer    | Entered a sewer
  4469 | Sewer    | Reached XP level 8. HP: 45/71 MP: 7/7
  4566 | Sewer    | Found a white marble altar of Elyvilon.
  4863 | D:6      | Reached skill level 7 in Fighting
  4865 | D:6      | Reached *** piety under Trog
  5336 | D:7      | Reached skill level 5 in Polearms
  5358 | D:7      | Noticed Joseph
  5376 | D:7      | Killed Joseph
  5377 | D:7      | Reached XP level 9. HP: 9/81 MP: 8/8
  5512 | D:7      | Reached skill level 8 in Fighting
  5958 | D:7      | HP: 4/82 [poisoned by a killer bee]
  5958 | D:7      | HP: 1/82 [killer bee (3)]
  6325 | D:7      | Reached skill level 9 in Fighting
  6671 | D:8      | Reached XP level 10. HP: 72/91 MP: 9/9
  6793 | D:8      | Reached **** piety under Trog
  6996 | D:8      | Reached skill level 10 in Polearms
  7192 | D:8      | Noticed Erica
  7198 | D:8      | Killed Erica
  7209 | D:8      | Found a snail-covered altar of Cheibriados.
  7265 | D:8      | Noticed Grum
  7270 | D:8      | Killed Grum
  7272 | D:8      | Reached skill level 10 in Fighting
  7328 | D:8      | Noticed Pikel
  7418 | D:8      | Killed Pikel
  7448 | D:8      | Reached skill level 10 in Armour
  7685 | D:8      | Found a staircase to the Lair.
  7723 | D:8      | Found a shimmering altar of Xom.
  7728 | D:8      | Found a hide-covered altar of Uskayaw.
  8082 | D:9      | Found Mypt's Assorted Antiques.
  8097 | D:9      | Bought a scroll of identify for 66 gold pieces
  8097 | D:9      | Bought a scroll labelled WIN KEIGUAPT for 33 gold pieces
  8116 | D:9      | Noticed a manticore
  8124 | D:9      | Killed a manticore
  8225 | D:9      | Noticed a cyclops
  8242 | D:9      | Killed a cyclops
  8625 | D:9      | Reached XP level 11. HP: 84/101 MP: 10/10
  8649 | D:9      | Reached skill level 11 in Fighting
  8813 | D:10     | Entered Level 10 of the Dungeon
  8841 | D:10     | Noticed Fannar
  8842 | D:10     | Noticed a two-headed ogre
  8855 | D:10     | Killed a two-headed ogre
  8862 | D:10     | Killed Fannar
  9129 | D:10     | Paralysed by a hornet for 1 turns
  9531 | D:10     | Noticed a two-headed ogre
  9534 | D:10     | Killed a two-headed ogre
  9626 | D:10     | Found a stormy altar of Qazlal.
  9687 | D:10     | Noticed Psyche
  9712 | D:10     | HP: 5/102 [something (7)]
  9725 | D:10     | Killed Psyche
 10081 | D:10     | Found an ornate altar of the Wu Jian Council.
 10126 | D:10     | Found Toid's Jewellery Boutique.
 10256 | Lair:1   | Entered Level 1 of the Lair of Beasts
 10534 | D:8      | Reached skill level 12 in Fighting
 10852 | Lair:1   | Reached XP level 12. HP: 28/112 MP: 11/11
 11259 | Lair:1   | Found the +9 scales of the Dragon King {rPois rF+ rC+
                  | Will+}
 11738 | Lair:1   | Reached skill level 15 in Polearms
 12238 | Lair:2   | Noticed a boulder beetle
 12245 | Lair:2   | Killed a boulder beetle
 12571 | Lair:2   | Reached ***** piety under Trog
 12608 | Lair:2   | Reached skill level 13 in Fighting
 12959 | Lair:2   | Found a runed translucent door.
 12960 | Lair:2   | Noticed Tali's ghost (journeyman DsCK)
 13227 | Lair:2   | Noticed a four-headed hydra
 13236 | Lair:2   | Killed a one-headed hydra
 13745 | Lair:2   | Noticed an eight-headed hydra
 13758 | Lair:2   | Killed a five-headed hydra
 13871 | Lair:2   | Found a staircase to the Swamp.
 14158 | Lair:3   | Found a staircase to the Snake Pit.
 14727 | Lair:3   | Acquired the +1 hat of the Forest {Dex+2}
 14765 | Lair:3   | Reached XP level 13. HP: 123/123 MP: 12/12
 14790 | Lair:3   | Noticed Amaemon
 14800 | Lair:3   | Killed Amaemon
 15474 | Lair:4   | Reached skill level 14 in Fighting
 15643 | Lair:4   | Received a gift from Trog
 16237 | Lair:5   | Entered Level 5 of the Lair of Beasts
 17032 | Lair:5   | Found a runed translucent door.
 17033 | Lair:5   | Found a staircase to the Slime Pits.
 17122 | Lair:5   | Reached skill level 15 in Fighting
 17303 | Lair:5   | Identified the +7 glaive of the Omega Point {flame, rElec
                  | rC++ Will- Stlth+} (Trog gifted it to you on level 5 of the
                  | Lair of Beasts)
 17303 | Lair:5   | Received a gift from Trog
 17379 | Lair:5   | Reached XP level 14. HP: 124/135 MP: 13/13
 17457 | Lair:5   | Reached skill level 15 in Armour
 18369 | Lair:5   | Found a burning altar of Makhleb.
 18375 | Lair:5   | Found a gateway to Hell.
 18382 | Lair:5   | Identified the +7 dagger "Votz" {elec, rF+ rN+ rCorr
                  | Stlth+}
 18721 | Lair:4   | Reached skill level 16 in Fighting
 18993 | D:4      | Bought the ring "Uqoorch" {rN+ Will+ rCorr Dex+6} for 700
                  | gold pieces
 19260 | D:11     | Received a gift from Trog
 19330 | D:11     | Found a staircase to the Orcish Mines.
 19661 | D:11     | Identified the +1 great sword "Zyapry" {holy, Int+2}
 20378 | D:12     | Found a bloodstained altar of Trog.
 20378 | D:12     | Noticed paradise's ghost (journeyman HOMo)
 20384 | D:12     | Found a transporter.
 20410 | D:12     | Found a transporter.
 21801 | D:5      | Killed user2938's ghost
 21975 | Lair:2   | Killed Tali's ghost
 22337 | Orc:1    | Entered Level 1 of the Orcish Mines
 22351 | Orc:1    | Reached skill level 17 in Fighting
 22525 | Orc:1    | Found Sirudeih's Assorted Antiques.
 22769 | Orc:1    | Found Hirchef's Jewellery Emporium.
 22991 | Orc:1    | Found a runed translucent door.
 22991 | Orc:1    | Noticed princeOfDonkeys's ghost (journeyman SpFi)
 23380 | Orc:2    | Entered Level 2 of the Orcish Mines
 23640 | Orc:2    | Reached ****** piety under Trog
 23790 | Orc:2    | Found a staircase to the Elven Halls.
 23956 | Orc:2    | Reached XP level 15. HP: 147/147 MP: 14/14
 24107 | Orc:2    | Received a gift from Trog
 24358 | Orc:2    | Found Beyblios's Magic Scroll Boutique.
 24608 | Orc:2    | Found Peizo's Weapon Shoppe.
 24610 | Orc:2    | Found Kocun's Distillery.
 24701 | Orc:2    | Found Him Oso's Book Shoppe.
 24792 | Orc:2    | Bought a scroll of blinking for 82 gold pieces
 24847 | Orc:1    | Bought the amulet "Mucwupt" {Spirit Int+6} for 644 gold
                  | pieces
 25107 | D:13     | Reached skill level 18 in Fighting
 25115 | D:13     | Found a flickering gateway to a bazaar.
 25136 | Bazaar   | Entered a bazaar
 25139 | Bazaar   | Found Zowku Edi's Assorted Antiques.
 25157 | Bazaar   | Found Xoanasush's Magic Scroll Boutique.
 25169 | Bazaar   | Found Tuinaq's Assorted Antiques.
 25180 | Bazaar   | Found Jabbas's Armour Boutique.
 25199 | Bazaar   | Bought a scroll labelled RAPTUO TOOSE for 21 gold pieces
 25211 | Bazaar   | Bought a scroll of blinking for 67 gold pieces
 25211 | Bazaar   | Bought 3 scrolls of identify for 54 gold pieces
 25227 | Bazaar   | Bought a potion of heal wounds for 110 gold pieces
 25227 | Bazaar   | Bought a potion of heal wounds for 110 gold pieces
 25833 | D:13     | Found a white marble altar of Elyvilon.
 26019 | D:14     | Found Nocug's Gadget Gallery.
 26341 | D:14     | Identified the +3 long sword of Res Nullius {flame, rCorr}
 26582 | D:14     | Found a gate to the Vaults.
 27046 | D:15     | Entered Level 15 of the Dungeon
 27394 | D:15     | Found a sparkling altar of Nemelex Xobeh.
 27465 | D:15     | Reached skill level 19 in Fighting
 27721 | D:15     | Found a staircase to the Depths.
 28426 | Swamp:1  | Entered Level 1 of the Swamp
 28441 | Swamp:1  | Found a transporter.
 28446 | Swamp:1  | Noticed Wojoregus's ghost (journeyman MiBe)
 28469 | Swamp:1  | Found a transporter.
 29168 | Swamp:2  | Received a gift from Trog
 29258 | Swamp:2  | Noticed a thorn hunter
 29258 | Swamp:2  | Found a transporter.
 29267 | Swamp:2  | Reached XP level 16. HP: 126/161 MP: 15/15
 29647 | Swamp:2  | Noticed a thorn hunter
 29647 | Swamp:2  | Noticed Xaerxx's ghost (journeyman DrMo)
 29650 | Swamp:2  | Noticed a tentacled monstrosity
 29652 | Swamp:2  | Noticed a tentacled monstrosity
 29658 | Swamp:2  | Found a transporter.
 29681 | Swamp:2  | Reached skill level 20 in Fighting
 30385 | Swamp:3  | Noticed a thorn hunter
 30397 | Swamp:3  | Killed a thorn hunter
 30477 | Swamp:3  | Noticed Aizul
 30491 | Swamp:3  | Killed Aizul
 31181 | Swamp:4  | Entered Level 4 of the Swamp
 31594 | Swamp:4  | Received a gift from Trog
 32063 | Swamp:4  | Reached skill level 21 in Fighting
 32168 | Swamp:4  | Noticed a thorn hunter
 32171 | Swamp:4  | Killed a thorn hunter
 32177 | Swamp:4  | Noticed a thorn hunter
 32187 | Swamp:4  | Noticed a thorn hunter
 32215 | Swamp:4  | Killed a thorn hunter
 33127 | Swamp:4  | Killed a thorn hunter
 33394 | Swamp:4  | Reached XP level 17. HP: 160/176 MP: 16/16
 33441 | Swamp:4  | Identified the +5 ring mail of the True Pharaoh {Int+5}
 33452 | Swamp:4  | Got a decaying rune of Zot
 33712 | Snake:1  | Entered Level 1 of the Snake Pit
 33712 | Snake:1  | Found a broken altar of Ashenzari.
 33821 | Snake:1  | Noticed Frances
 33830 | Snake:1  | Killed Frances
 34712 | Snake:1  | Received a gift from Trog
 34722 | Snake:1  | Reached skill level 22 in Fighting
 37404 | Snake:3  | Received a gift from Trog
 37903 | Snake:3  | Reached skill level 23 in Fighting
 38369 | Snake:3  | Identified the +1 robe "Qosoipn" {rN+}
 38910 | Snake:3  | Received a gift from Trog
 39006 | Snake:3  | Reached XP level 18. HP: 167/189 MP: 17/17
 39823 | Snake:4  | Entered Level 4 of the Snake Pit
 39913 | Snake:4  | Reached skill level 5 in Dodging
 40776 | Snake:4  | Received a gift from Trog
 41725 | Snake:4  | Got a serpentine rune of Zot
 42166 | Elf:1    | Entered Level 1 of the Elven Halls
 42255 | Elf:1    | Reached skill level 1 in Evocations
 42532 | Elf:1    | Received a gift from Trog
 42537 | Elf:1    | Reached skill level 24 in Fighting
 43115 | Elf:1    | Paralysed by an air elemental for 1 turns
 43284 | Elf:1    | Paralysed by an air elemental for 1 turns
 43332 | Elf:1    | Found an ancient bone altar of Kikubaaqudgha.
 43702 | Elf:2    | Found a runed translucent gate.
 43702 | Elf:2    | Found a runed translucent gate.
 43705 | Elf:2    | Found a runed translucent gate.
 44119 | Elf:2    | Paralysed by an air elemental for 1 turns
 44259 | Elf:2    | Reached skill level 10 in Dodging
 44259 | Elf:2    | Reached XP level 19. HP: 198/198 MP: 18/18
 44517 | Elf:3    | Entered Level 3 of the Elven Halls
 44890 | Elf:3    | Reached skill level 5 in Evocations
 44913 | Elf:3    | Received a gift from Trog
 44922 | Elf:3    | Reached XP level 20. HP: 119/206 MP: 19/19
 45731 | Elf:3    | Found Puwag's Book Shop.
 46526 | Elf:3    | Received a gift from Trog
 46658 | Elf:3    | Identified the +5 broad axe "Orroyw" {pain, Fragile Will+
                  | rCorr Str+7}
 46883 | Elf:3    | Identified the ring of Gaareit {Fly rElec Str+4}
 46898 | Elf:3    | Identified the +6 long sword of Woxki {pain, *Rage rF++ rC-
                  | Stlth+}
 47486 | Elf:3    | Identified the +1 robe of Ekyut {Int+3}
 48295 | Elf:3    | Identified the +1 pair of gloves of Kleptomania {Stlth+}
 48653 | Vaults:1 | Entered Level 1 of the Vaults
 49169 | Vaults:1 | Received a gift from Trog
 49424 | Vaults:1 | Reached skill level 25 in Fighting
 50068 | Vaults:1 | Found Nabloynu's Jewellery Emporium.
 50080 | Vaults:1 | Bought the ring "Vavoxt" {rF+ rC+ Slay+3} for 980 gold
                  | pieces
 51393 | Vaults:2 | Identified the +0 robe "Biaph" {rF+ rC+}
 51517 | Vaults:2 | Reached XP level 21. HP: 172/218 MP: 20/20
 51540 | Vaults:2 | Received a gift from Trog
 51555 | Vaults:2 | Reached skill level 10 in Evocations
 53177 | Vaults:2 | Reached skill level 15 in Dodging
 53183 | Vaults:2 | Received a gift from Trog
 53948 | Vaults:3 | Found a staircase to the Crypt.
 53948 | Vaults:3 | Found an ancient bone altar of Kikubaaqudgha.
 53948 | Vaults:3 | Found a basalt altar of Yredelemnul.
 54216 | Vaults:3 | Reached skill level 26 in Fighting
 55400 | Vaults:3 | Received a gift from Trog
 56005 | Vaults:3 | Noticed Nikola
 56011 | Vaults:3 | HP: 7/222 [Nikola/bolt of lightning (12)]
 56012 | Vaults:3 | HP: 2/222 [Nikola/bolt of lightning (7)]
 56013 | Vaults:3 | Killed Nikola
 57775 | Vaults:4 | Found a runed translucent door.
 57777 | Vaults:4 | Noticed Wakaxil's ghost (veteran GrEE)
 57863 | Vaults:4 | Paralysed by a great orb of eyes for 5 turns
 58112 | Vaults:4 | Received a gift from Trog
 58113 | Vaults:4 | Reached XP level 22. HP: 231/231 MP: 21/21
 58338 | Vaults:4 | Noticed Margery
 58368 | Vaults:4 | Killed Margery
 58714 | Vaults:5 | Entered Level 5 of the Vaults
 59013 | Vaults:5 | Reached skill level 27 in Fighting
 59015 | Vaults:5 | Received a gift from Trog
 59016 | Vaults:5 | Noticed an ancient lich
 59041 | Vaults:4 | Killed an ancient lich
 59406 | Vaults:4 | Reached skill level 15 in Evocations
 60366 | Abyss:3  | Cast into level 3 of the Abyss (vault warden)
 60409 | Abyss:4  | Found a corrupted altar of Lugonu.
 60473 | Abyss:5  | Found a corrupted altar of Lugonu.
 60661 | Abyss:7  | Entered Level 7 of the Abyss
 60661 | Abyss:7  | Found a corrupted altar of Lugonu.
 60720 | Abyss:7  | Paralysed by accursed screaming for 2 turns
 60725 | Abyss:7  | Paralysed by accursed screaming for 2 turns
 60729 | Abyss:7  | Received a gift from Trog
 60734 | Abyss:7  | Paralysed by accursed screaming for 2 turns
 60735 | Abyss:7  | HP: 8/233 [pearl dragon (13)]
 60739 | Abyss:7  | Killed from afar by a smoke demon

Illustrated notes

Levels and vault maps discovered:
D:1:      lightli_arrival_lavapool, layout_loops_ring, serial_bayou,
          serial_bayou_pond_c, serial_bayou_ford_a, serial_bayou_pond_c,
          serial_bayou_lake_a, serial_bayou_shore_a, serial_bayou_pond_c
D:2:      layout_rooms
D:3:      layout_loops_ring, mainiacjoe_overflow_surrounded_room
D:4:      layout_rooms, chequers_decorated_corner, nicolae_shop_unique_rings,
          uniq_eustachio
D:5:      layout_rooms, fedhas_ov_isle_minmay, minmay_temple_entry_stoned_glass,
          gammafunk_ghost_necromancy, cheibrodos_gnoll_hut
D:6:      layout_rooms, gup_sewer_entry_bowl
D:7:      layout_rooms, chequers_hall_statues_y, uniq_joseph
D:8:      layout_loops_ring, slow_altar_2, amethyst_overflow_temple_binary,
          david_lair_shrubbed, grunt_ministairs_7, uniq_grum, uniq_pikel,
          uniq_erica
D:9:      layout_roguey, serial_shops, nicolae_shop_waterfront,
          minmay_sticks_and_stones
D:10:     layout_loops_ring, pdpol_wu_jian_five_deadly_venoms,
          mainiacjoe_overflow_paths, serial_shops, nicolae_diamond_shop,
          uniq_fannar, uniq_psyche
D:11:     layout_gridville, hiddenorc2_lemuel, kennysheep_generic_room_5
D:12:     layout_layer_cave, gammafunk_ghost_wrathful_warriors,
          minmay_microvault
D:13:     layout_loops_ring, serial_shops, bzr_entry_gold, minivault_26,
          elyvilon_altar_4
D:14:     layout_irregular_city, david_vaults_1, minmay_misc_feat_square,
          grunt_decor_fettered, hangedman_decor_clover_reticule,
          nicolae_shop_gadgets
D:15:     gammafunk_enter_depths_forms, layout_basic, serial_rivers,
          chequers_serial_rivers_micro_b, chequers_serial_rivers_micro_b,
          chequers_serial_rivers_room_a, chequers_serial_rivers_micro_a,
          nemelex_diamond_rough_becter
Lair:1:   layout_small_grid, portal_ice_cave_entry_imps,
          eino_small_chamber_without_monster
Lair:2:   hellmonk_ruined_rings, layout_layer_cave, palyth_hydra_swamp_entry,
          ebering_ghost_reflecting_pool, beast_lair_carwin_7
Lair:3:   layout_concentric_octagons, minmay_snake_entry_guardpost_small,
          serial_bayou_shore_b, uniq_amaemon
Lair:4:   layout_long_grid, evilmike_ambush [evilmike_ambush_outer_basic,
          evilmike_ambush_inner_basic], infiniplex_staircase_pool_2
Lair:5:   evil_forest, layout_hall_layers, slime_entry_2
Swamp:1:  layout_basic_swamp, gammafunk_ghost_berserking_beasts,
          nicolae_swamp_dense_foliage, swamp_pool1
Swamp:2:  layout_falls_marsh, gammafunk_ghost_arena,
          nicolae_swamp_rocky_clearing
Swamp:3:  layout_basic_swamp, evilmike_swamp_ruin_rubble_2, swamp_pool1,
          uniq_aizul
Swamp:4:  swamp, layout_basic_swamp, nicolae_swamp_baby_hydras
Snake:1:  nicolae_snake_shooting_gallery, layout_misc_corridors, basic_altar,
          grunt_megastairs_3, serial_bayou_shore_b, uniq_frances
Snake:2:  layout_cave_town, serial_bayou_shore_b, lemuel_fruit_tree
Snake:3:  kennysheep_snake, layout_layer_cave, nicolae_snake_guarding_the_ruins
Snake:4:  minmay_snake_end_coiled, layout_grid_maze, st_stairs_7
Orc:1:    layout_caves, gammafunk_ghost_grave, serial_shops, nicolae_shop_stone,
          guppyfry_orc_lava_fort
Orc:2:    hellmonk_orc_salted, layout_caves, basic_altar
Elf:1:    elf_arrival_001, layout_geoelf_diagonals, basic_altar,
          minmay_elf_demonology
Elf:2:    elven_hall_of_blades_hangedman_original [nicolae_blade_lattice],
          layout_onion_city
Elf:3:    grunt_elf_hall_asides, layout_onion_city, serial_shops, shop,
          minivault_16
Vaults:1: ontoclasm_vaults_fault, nicolae_vaults_trapezoid_3, v_misc_26,
          ontoclasm_vaults_ligature, nicolae_vaults_trapezoid_lopsided_1,
          nicolae_vaults_double_plus_1, nicolae_vaults_variable_pillar_hall,
          layout_vaults_omnigrid, serial_shops, nicolae_shop_just_a_little_nook
Vaults:2: vaults_dpeg_cross, vaults_room_grid,
          nicolae_vaults_trapezoid_lopsided_1, vaults_room_boxed,
          nicolae_vaults_trapezoid_1, nicolae_vaults_trapezoid_layered,
          nicolae_vaults_stepped_doors, nicolae_vaults_house_3, v_misc_16,
          st_cells, nicolae_vaults_storage_closets_1, v_misc_1,
          nicolae_vaults_closet_pinwheel_3, nicolae_vaults_rhombus_6,
          v_pattern_2, vaults_dpeg_encased_lava, layout_vaults_omnicross
Vaults:3: v_misc_9, hangedman_vaults_corner_blocks, v_misc_25,
          nicolae_vaults_tetromino_Z_2, ontoclasm_vaults_shuriken,
          nicolae_vaults_big_ls, minmay_crypt_entry_necro_gods,
          nicolae_vaults_rhombus_7, v_misc_26, grunt_vaults_hallway_short,
          serial_ice_b, vaults_room_fours, nicolae_vaults_diamond_1,
          vaults_room_stairs_pillars, vaults_dpeg_emergency_exit,
          nicolae_vaults_closet_pinwheel_6, layout_vaults_chaotic_city,
          uniq_nikola
Vaults:4: hellmonk_ghost_big_iron, nicolae_vaults_what_the_h,
          nicolae_vaults_off_center_swirl, hangedman_vaults_hat,
          nicolae_vaults_disjoint_gnomons, ontoclasm_vaults_misaligned,
          nicolae_vaults_tangram_1, vaults_room_stairs_pillars,
          grunt_vaults_focal, nicolae_vaults_little_ls,
          nicolae_vaults_closet_pinwheel_2, grunt_vaults_hallway_long,
          v_misc_29, nicolae_vaults_rhombus_7, vaults_standard_mumra_x,
          serial_ice_h, hangedman_vaults_stretched_pinwheel,
          ontoclasm_vaults_gateway, nicolae_vaults_tetromino_Z_1,
          layout_vaults_maze_bifur, uniq_margery
Vaults:5: serial_shops
Abyss:7:  base: Snake:2, due_exit_kobolds, hangedman_abyss_rune_macabre_mess,
          evilmike_abyss_exit_7, hangedman_abyss_shoalhut,
          hangedman_abyss_or_decor_jellyfish_corner,
          hangedman_abyss_feature_spike, due_evilmike_abyss_rune_seething_liches

Skill      XL: |  1  2  3  4  5  6  7  8  9 10 11 12 13 14 15 16 17 18 19 20 21 22 |
---------------+-------------------------------------------------------------------+-----
Axes           | 4 5 6 7 8 |  8.1
Fighting       | 4 5 6 7 9 10 12 13 15 17 19 21 23 24 25 26 27 | 27.0
Armour         | 3 4 6 7 9 10 12 13 14 17 19 21 23 24 | 24.3
Polearms       | 3 6 9 12 14 16 19 | 19.4
Dodging        | 3 10 11 14 16 17 | 17.7
Evocations     | 4 5 9 13 15 | 15.3

Action                     |  1- 3 |  4- 6 |  7- 9 | 10-12 | 13-15 | 16-18 | 19-21 | 22-24 || total
---------------------------+-------+-------+-------+-------+-------+-------+-------+-------++-------
  Melee: Hand axe          |    61 |    96 |    18 |       |       |       |       |       ||   175
         Headbutt          |    13 |    18 |    31 |    87 |   261 |   267 |   350 |   102 ||  1129
         Punch             |     1 |       |     1 |       |       |       |       |       ||     2
         Glaive            |       |       |   161 |   459 |  1123 |  1182 |  1127 |   365 ||  4417
         Scimitar          |       |       |       |     9 |    11 |       |       |       ||    20
   Fire: Sling             |       |     3 |       |       |       |       |       |       ||     3
  Throw: Stone             |     6 |       |       |       |       |       |       |       ||     6
         Dart              |       |       |     3 |     2 |       |       |       |       ||     5
         Javelin           |       |       |       |     5 |     1 |       |       |       ||     6
 Invoke: Trog's Hand       |       |     1 |     4 |     7 |    12 |     6 |     8 |    11 ||    49
         Berserk           |       |     1 |       |     3 |     3 |       |       |       ||     7
  Evoke: Wand              |       |       |     1 |     6 |       |     1 |     1 |       ||     9
    Use: Scroll            |       |     4 |     8 |    16 |     5 |     5 |     1 |     6 ||    45
         Potion            |       |       |     2 |     3 |       |     4 |       |     1 ||    10
   Stab: Distracted        |       |       |       |       |       |     1 |       |       ||     1
 Armour: Ring mail         |    39 |    36 |       |       |       |       |       |       ||    75
         Plate armour      |       |    14 |   149 |   159 |       |       |       |       ||   322
         Gold dragon scale |       |       |       |   149 |   840 |   956 |   742 |   364 ||  3051
  Dodge: Dodged            |    41 |    81 |    80 |   166 |   290 |   438 |   567 |   367 ||  2030
